cohdb
Replays
Latest Replays
All Replays
Popular Replays
Top Player Replays
Match Explorer
How It Works
Community
CoH3 Stats
Reddit
Sign in to upload your games and track your stats! →
Sign in with Steam
Match 46119551
Unlisted
Match 46119551
Overview
Messages
Build Orders
End
Construct Barracks
Engineer Squad
Construct Barracks
Riflemen Squad
Riflemen Squad
Selects Advanced Infantry Battlegroup
Riflemen Squad
Selects Convert to Ranger Squad
Convert to Ranger Squad
Infantry Support Center
Convert to Ranger Squad
Advanced Logistics
Munitions Surplus
Selects Designate Assault Position
Convert to Ranger Squad
Construct Tank Depot
Survival Training
Construct Tank Depot
Engineer Squad
Selects Ranger Weapon Training
M18 Hellcat Tank Destroyer
Sumanai_Eugen
Chuef
Smol Aki
Derpmaci
SHIRO
Felipe
ZeZwott
Marsouin
0
0
Comments
sign in to comment!
No comments posted yet!